 Dungeon Crawl Stone Soup version 0.29-a0-393-g47a863cc1b (webtiles) character file.

Game seed: 9798478781489269709

0 hquester the Caller (level 1, 2/13 HPs)
             Began as a Human Summoner on May 10, 2022.
             Got out of the dungeon alive.
             The game lasted 00:02:20 (66 turns).

hquester the Caller (Human Summoner)                  Turns: 66, Time: 00:02:20

Health: 2/13       AC:  2    Str:  8    XL:     1   Next: 11%
Magic:  3/3        EV: 12    Int: 15    God:
Gold:   0          SH:  0    Dex: 13    Spells: 3/4 levels left

rFire   . . .      SeeInvis .   (no weapon)
rCold   . . .      Faith    .   (no shield)
rNeg    . . .      Spirit   .   a - +0 robe
rPois   .          Reflect  .   (no helmet)
rElec   .          Harm     .   (no cloak)
rCorr   .          Rampage  .   (no gloves)
Will    .....                   (no boots)
Stlth   ++........              (no amulet)
HPRegen 0.04/turn               (no ring)
MPRegen 0.08/turn               (no ring)

@: no status effects
A: no striking features
a: no special abilities


You escaped.
You visited 1 branch of the dungeon, and saw 1 of its levels.

Inventory:

Armour
 a - a +0 robe (worn)
Potions
 b - a potion of magic
 c - a potion of ambrosia {unknown}


   Skills:
 + Level 2.0 Dodging
 + Level 2.0 Stealth
 + Level 2.0 Spellcasting
 + Level 4.0 Summonings


You had 3 spell levels left.
You knew the following spells:

 Your Spells              Type           Power      Damage    Failure   Level
a - Summon Small Mammal   Summ           52%        N/A       4%          1

Your spell library contained the following spells:

 Spells                   Type           Power      Damage    Failure   Level
 Call Imp                 Summ           13%        N/A       6%          2
 Call Canine Familiar     Summ           13%        N/A       13%         3
 Summon Guardian Golem    Hex/Summ       7%         N/A       28%         3
 Summon Lightning Spire   Summ/Air       7%         N/A       67%         4


Dungeon Overview and Level Annotations

Branches:
Dungeon (1/15)

Altars:


Message History

Your quokka disappears in a puff of smoke!
The bat misses you. The hobgoblin attacks as you move away!
The hobgoblin barely misses you. The bat hits you but does no damage.
The bat hits you but does no damage. x2
The bat barely misses you. The bat attacks as you move away!
The bat barely misses you. The bat completely misses you.
The bat closely misses you. The bat barely misses you.
The bat barely misses you.
You completely miss the bat. The bat closely misses you.
You hit the hobgoblin but do no damage.
The hobgoblin is lightly wounded.
The hobgoblin barely misses you. The bat hits you but does no damage.
You barely miss the hobgoblin.
The hobgoblin is lightly wounded.
The bat hits you but does no damage. The bat closely misses you.
The hobgoblin hits you.
You hit the hobgoblin but do no damage.
The hobgoblin is lightly wounded.
The bat hits you. The hobgoblin barely misses you.
You hit the hobgoblin.
The hobgoblin is moderately wounded.
The bat hits you but does no damage. The hobgoblin hits you.
* * * LOW HITPOINT WARNING * * *
The bat misses you. The bat hits you but does no damage.
The bat closely misses you. The bat closely misses you. The bat hits you.
* * * LOW HITPOINT WARNING * * *
There is a staircase leading out of the dungeon here.
Are you sure you want to leave the Dungeon?
This will make you lose the game!
Uppercase [Y]es or [N]o only, please.
Are you sure you want to leave the Dungeon?
This will make you lose the game! [Y]es or [N]o only, please.
Are you sure you want to leave the Dungeon?
This will make you lose the game! The bat hits you but does no damage.
The hobgoblin barely misses you.
You have escaped!

##.## ##.......#
#..# ##.........#
##.####...........#
#..###......#......#
#.###......###......
#.##.b....## #....
#.#......## #..
#...g...## #...@..##
#.......# #.#......#
#.##......#
#.###......# #..
#...... ## #.....
#....


You could see a hobgoblin and a bat.

Vanquished Creatures (collateral kills)
  A rat (D:1)
1 creature vanquished.

Notes
Turn   | Place    | Note
-------+----------+-------------------------------------------
     0 | D:1      | hquester the Human Summoner began the quest for the Orb.
     0 | D:1      | Reached XP level 1. HP: 13/13 MP: 3/3
    66 | D:$      | Got out of the dungeon alive.

Illustrated notes

Levels and vault maps discovered:
D:1:      dpeg_arrival_central, layout_basic, hellmonk_ecumenical_altar_blasted,
          minmay_misc_feat_encased, minmay_tiny_reverse_x

Action                   || total
-------------------------++-------
Melee: Unarmed           ||    11
 Cast: Summon Small Mamm ||     4
Armor: Robe              ||    18
Dodge: Dodged            ||    35

Table legend: (Time is in decaauts)
 A = Elapsed time spent in this place.
 B = Non-inter-level travel time spent in this place.
 C = Inter-level travel time spent in this place.
 D = Time resting spent in this place.
 E = Time spent auto-exploring this place.
 F = Levels seen in this place.
 G = Mean time per level.
                   A        B        C        D        E       F      G
               +--------+--------+--------+--------+--------+-----+--------+
         Total |     66 |     61 |      5 |      0 |      3 |   1 |   66.0 |
       Dungeon |     66 |     61 |      5 |      0 |      3 |   1 |   66.0 |
               +--------+--------+--------+--------+--------+-----+--------+

Top non-repeatable levels by time:
     D:1: 66 daAuts
